 Dungeon Crawl Stone Soup version 0.22-a0-292-g0df9d5f (webtiles) character file.

3647 Amnesiac the Thaumaturge (level 9, -3/57 HPs)
             Began as a Mummy Air Elementalist on Mar 23, 2018.
             Was a Priest of Sif Muna.
             Slain by a basilisk (9 damage)
             ... on level 8 of the Dungeon.
             The game lasted 00:16:02 (10087 turns).

Amnesiac the Thaumaturge (Mummy Air Elementalist)  Turns: 10087, Time: 00:16:03

Health: -3/57      AC:  8    Str: 11    XL:     9   Next: 88%
Magic:  2/22       EV:  2    Int: 17    God:    Sif Muna [***...]
Gold:   436        SH:  0    Dex: 13    Spells: 17/27 levels left

rFire    x . .     SeeInvis +   v - +1 great sword of Ohuperph {slice, SInv}
rCold    + . .     Gourm    .   (shield currently unavailable)
rNeg     + + +     Faith    +   o - +1 leather armour {rN+}
rPois    ∞         Spirit   .   j - +2 helmet
rElec    .         Reflect  .   (no cloak)
rCorr    .         Harm     .   h - +0 pair of gloves
MR       +....                  (no boots)
Stlth    ++........             x - amulet of faith
HPRegen  0.19/turn              (no ring)
MPRegen  0.18/turn              (no ring)

@: petrified, divine energy
A: no food or potions, fire vulnerability, cold resistance 1, negative energy
resistance 3, torment resistance, unbreathing
a: Stop Divine Energy, Channel Magic, Renounce Religion


You were on level 8 of the Dungeon.
You worshipped Sif Muna.
Sif Muna was most pleased with you.
You were not hungry.

You visited 2 branches of the dungeon, and saw 10 of its levels.
You also visited: Sewer.

You collected 436 gold pieces.

Inventory:

Hand Weapons
 p - a +2 dagger of venom
 v - the +1 great sword of Ohuperph (weapon) {slice, SInv}
   (You found it on level 6 of the Dungeon)

   It inflicts extra damage upon your enemies.
   It lets you see invisible.
Missiles
 c - 30 poisoned needles
 s - 2 curare-tipped needles
Armour
 h - a +0 pair of gloves (worn)
 i - a +0 buckler
 j - a +2 helmet (worn)
 o - a +1 leather armour of positive energy (worn)
Jewellery
 x - an amulet of faith (around neck)
Wands
 a - a wand of enslavement (21)
 m - a wand of flame (26)
 n - a wand of acid (7)
 y - a wand of iceblast (5)
 A - a wand of digging (11)
 B - a wand of random effects (29)
Scrolls
 b - 2 scrolls of fear {!r}
 d - a scroll of blinking {!r}
 e - 6 scrolls of remove curse {!r}
 f - 2 scrolls of magic mapping {!r}
 g - a scroll of acquirement {!r, unknown}
 k - 6 scrolls of enchant armour {!r}
 l - 2 scrolls of immolation {!r}
 q - 3 scrolls of enchant weapon {!r}
 r - 2 scrolls of amnesia {!r}
 t - a scroll of fog {!r}
 u - a scroll of teleportation {!r}
 w - 4 scrolls of identify {!r}
 z - a scroll of random uselessness {!r, unknown}


   Skills:
 - Level 1.5 Dodging
 - Level 1.5 Stealth
 - Level 4.0 Shields
 + Level 9.5 Spellcasting
 - Level 0.7 Conjurations
 * Level 9.5 Air Magic


You had 17 spell levels left.
You knew the following spells:

 Your Spells              Type           Power        Failure   Level  Hunger
a - Airstrike             Air            #####.....   2%          4    N/A
b - Lightning Bolt        Conj/Air       ####......   36%         5    N/A
d - Shock                 Conj/Air       ####         1%          1    N/A

Dungeon Overview and Level Annotations

Branches:
Dungeon (9/15)             Temple (1/1) D:6
   Lair: D:8-11         Orc: D:9-12

Altars:
Ashenzari
Cheibriados
Dithmenos
Elyvilon
Fedhas
Gozag
Hepliaklqana
Kikubaaqudgha
Makhleb
Nemelex Xobeh
Okawaru
Qazlal
Ru
Sif Muna
Trog
Uskayaw
Vehumet
Wu Jian
Xom
Yredelemnul
Zin
The Shining One

Annotations:
D:3 Grinder


Innate Abilities, Weirdness & Mutations

You do not eat or drink.
Your flesh is vulnerable to fire.
You are immune to poison.
Your flesh is cold resistant. (rC+)
You are immune to negative energy. (rN+++)
You are immune to unholy pain and torment.
You can survive without breathing.


Message History

The basilisk bites you! The basilisk bites you!!
You turn to flesh and can move again.
Unknown command.
Casting: Airstrike (safe; 2% risk of failure)
Confirm with . or Enter, or press ? or * to list all spells.
Aiming: Airstrike (safe; 2% risk of failure)
Press: ? - help, Dir - move target cursor, f/p - basilisk
Aim: a basilisk (heavily wounded)
The air twists around and strikes the basilisk!
The basilisk is almost dead.
Sif Muna grants you divine energy.
You briefly lose access to your magic!
The basilisk hisses menacingly.
The basilisk barely misses you.
You are unable to access your magic!
You closely miss the basilisk.
The basilisk is almost dead.
The basilisk gazes at you.
You easily resist.
The basilisk bites you!
You closely miss the basilisk.
The basilisk is severely wounded.
The basilisk completely misses you.
You riposte.
You closely miss the basilisk.
The basilisk is severely wounded.
You hit the basilisk but do no damage.
The basilisk is severely wounded.
You regain access to your magic.
The basilisk bites you.
* * * LOW HITPOINT WARNING * * *
The basilisk bites you!
* * * LOW HITPOINT WARNING * * *
Casting: Airstrike (safe; 2% risk of failure)
Confirm with . or Enter, or press ? or * to list all spells.
Aiming: Airstrike (safe; 2% risk of failure)
Press: ? - help, Dir - move target cursor, f/p - basilisk
Aim: a basilisk (severely wounded)
The air twists around and strikes the basilisk!
The basilisk is almost dead.
Sif Muna grants you divine energy.
You briefly lose access to your magic!
The basilisk misses you.
Unknown command.
You closely miss the basilisk.
The basilisk is almost dead.
The basilisk gazes at you.
You are slowing down.
The basilisk bites you but does no damage.
Your limbs are stiffening.
You hit the basilisk but do no damage.
The basilisk is almost dead.
The basilisk completely misses you. The basilisk barely misses you.
You have turned to stone.
You regain access to your magic.
The basilisk bites you.
* * * LOW HITPOINT WARNING * * *
The basilisk gazes at you.
You easily resist.
The basilisk bites you!
* * * LOW HITPOINT WARNING * * *
The basilisk gazes at you. x2
You easily resist.
The basilisk gazes at you. x2
You easily resist.
The basilisk bites you!!
You die...

#........# #.#.##..
#.######.# #..#....
#.# ####.####.###...
#.###........## ##.#
#.#...##.##...###..#
#....!...###..†#....
###.###### ##.#.###.
##.## #.### #. #.@.#
#.# ## #.l.# #'#
###...# ... #.....#
..... #[....#
...rG..
#.....####.....Y...
##.......'.........+
#....####.......<.#
#.#.##


You could see a basilisk.

Vanquished Creatures
  2 basilisks (D:8)
  Duvessa (Temple)
  2 porcupines (D:8)
  An ice beast (D:8)
  An orc warrior (D:6)
  2 black bears (D:8)
  2 sky beasts (D:8)
  2 eyes of draining
  2 phantoms
  2 ogres
  A necrophage (D:5)
  A wolf (D:8)
  A crocodile (D:8)
  2 big kobolds (Sewer)
  A bullfrog (D:8)
  Dowan (Temple)
  A scorpion (D:5)
  12 killer bees
  2 electric eels (D:6)
  3 crimson imps
  2 bullfrog zombies
  2 orc priests (D:8)
  A hound (D:9)
  5 orc wizards
  2 bullfrog skeletons
  A centaur skeleton (D:9)
  Jessica (D:3)
  An iguana (D:6)
  4 worker ants
  A hound zombie (D:6)
  A hound skeleton (D:5)
  3 gnolls (D:5)
  4 adders
  3 river rats (D:4)
  3 oozes
  An adder zombie (D:9)
  An adder skeleton (D:6)
  A worm (D:3)
  A leopard gecko (D:4)
  17 orcs
  A ball python (D:5)
  10 giant cockroaches
  A hobgoblin (D:3)
  5 quokkas
  A ball python skeleton (D:4)
  11 bats
  4 frilled lizards
  A giant cockroach zombie (D:5)
  5 goblins
  20 kobolds
  A quokka skeleton (D:6)
  10 rats
167 creatures vanquished.

Vanquished Creatures (others)
  An adder (D:6)
  3 fungi (D:8)
  6 plants (D:8)
10 creatures vanquished.

Grand Total: 177 creatures vanquished

Notes
Turn   | Place    | Note
-------+----------+-------------------------------------------
     0 | D:1      | Amnesiac the Mummy Air Elementalist began the quest for the Orb.
     0 | D:1      | Reached XP level 1. HP: 13/13 MP: 4/4
   238 | D:1      | Reached XP level 2. HP: 15/19 MP: 0/5
  1504 | D:2      | Reached XP level 3. HP: 7/24 MP: 0/7
  2486 | D:3      | Noticed Jessica
  2493 | D:3      | Killed Jessica
  2493 | D:3      | Reached XP level 4. HP: 30/30 MP: 1/9
  2499 | D:3      | Learned a level 4 spell: Airstrike
  2784 | D:3      | Noticed Grinder
  2998 | D:4      | Found a blossoming altar of Fedhas.
  3155 | D:4      | Reached XP level 5. HP: 23/35 MP: 1/11
  3264 | D:4      | Found a glowing drain.
  3280 | Sewer    | Entered a sewer
  3568 | Sewer    | Reached XP level 6. HP: 27/41 MP: 11/13
  3937 | Sewer    | Reached skill level 5 in Spellcasting
  3937 | Sewer    | Reached skill level 5 in Air Magic
  4023 | D:5      | Entered Level 5 of the Dungeon
  4396 | D:5      | Reached XP level 7. HP: 45/46 MP: 2/15
  5987 | D:6      | Got a dazzling great sword
  5996 | D:6      | Identified the cursed +1 great sword of Ohuperph {slice, SInv} (You found it on level 6 of the Dungeon)
  6002 | D:6      | Noticed Duvessa
  6004 | D:6      | Noticed Dowan
  6018 | D:6      | Found a staircase to the Ecumenical Temple.
  6019 | D:6      | HP: 1/46 [bullfrog zombie (6)]
  6024 | Temple   | Entered the Ecumenical Temple
  6262 | Temple   | Became a worshipper of Sif Muna the Loreminder
  6507 | Temple   | Killed Duvessa
  6507 | Temple   | Reached XP level 8. HP: 4/52 MP: 2/18
  6813 | Temple   | Killed Dowan
  7770 | D:7      | Reached * piety under Sif Muna
  7776 | D:7      | Found a deep blue altar of Sif Muna.
  7870 | D:7      | Learned a level 5 spell: Lightning Bolt
  8184 | D:8      | Reached skill level 1 in Shields
  8579 | D:8      | Reached XP level 9. HP: 57/57 MP: 16/21
  8689 | D:8      | Noticed a two-headed ogre
  9199 | D:9      | Reached ** piety under Sif Muna
  9378 | D:9      | Noticed a two-headed ogre
  9969 | D:8      | Reached *** piety under Sif Muna
 10003 | D:8      | Noticed a two-headed ogre
 10087 | D:8      | Slain by a basilisk

Vault maps used:
D:1:      evilmike_arrival_plus
D:3:      uniq_grinder, uniq_jessica
D:4:      fedhas_altar_fruit_tree, gup_sewer_entry_bubbles
D:5:      first_ration
D:6:      temple_hall, serial_bayou_ford_a, minivault_22, uniq_duvessa
D:7:      tgw_sif
D:8:      minmay_lair_entry_grove
D:9:      hangedman_fish_farm
Temple:   nicolae_temple_the_god_donut
Sewer:    kennysheep_pipe_town

Skill      XL: |  1  2  3  4  5  6  7  8  9 |
---------------+----------------------------+-----
Spellcasting   | 3 4 5 7 8 9 |  9.5
Air Magic      | 3 4 5 7 8 9 |  9.5
Shields        | 2 4 |  4.0
Dodging        | |  1.5
Stealth        | |  1.5
Conjurations   | |  0.7

Action                   |  1- 3 |  4- 6 |  7- 9 || total
-------------------------+-------+-------+-------++-------
Melee: Unarmed           |    31 |    24 |       ||    55
       Dagger            |       |    97 |     3 ||   100
       Great sword       |       |       |    35 ||    35
 Cast: Shock             |    88 |    84 |    68 ||   240
       Airstrike         |       |     7 |   127 ||   134
       Lightning Bolt    |       |       |     1 ||     1
Invok: Divine Energy     |       |       |     1 ||     1
Evoke: Wand              |       |     8 |     3 ||    11
  Use: Scroll            |       |       |    13 ||    13
Armor: Robe              |    16 |    10 |       ||    26
       Leather armour    |       |    47 |    61 ||   108
Dodge: Dodged            |    50 |    81 |    89 ||   220
       Rpst.: Great sword |       |       |    17 ||    17

Table legend:
 A = Spawn XP
 B = Non-spawn XP
 C = Spawn XP percentage of total XP
 D = Spawn monster count
 E = Non-spawn monster count
 F = Spawn count percentage of total count
 G = Total turns spent on level
                    A         B        C        D         E        F      G
               +---------+---------+-------+---------+---------+-------+---------
         Total |       0 |    5211 |   0.0 |       0 |     167 |   0.0 | 10087
               +---------+---------+-------+---------+---------+-------+---------
           D:1 |       0 |      27 |   0.0 |       0 |      16 |   0.0 |  1016
           D:2 |       0 |      24 |   0.0 |       0 |       9 |   0.0 |  1009
           D:3 |       0 |      86 |   0.0 |       0 |      14 |   0.0 |   789
           D:4 |       0 |     142 |   0.0 |       0 |      18 |   0.0 |   791
           D:5 |       0 |     578 |   0.0 |       0 |      20 |   0.0 |  1288
           D:6 |       0 |     550 |   0.0 |       0 |      18 |   0.0 |   996
           D:7 |       0 |     348 |   0.0 |       0 |       6 |   0.0 |   549
           D:8 |       0 |    2412 |   0.0 |       0 |      27 |   0.0 |  1499
           D:9 |       0 |     564 |   0.0 |       0 |       9 |   0.0 |   669
        Temple |       0 |     239 |   0.0 |       0 |       6 |   0.0 |   791
         Sewer |       0 |     241 |   0.0 |       0 |      24 |   0.0 |   690
               +---------+---------+-------+---------+---------+-------+---------
